 Dungeon Crawl Stone Soup version 0.17.0-56-gd8de76c (webtiles) character file.

119 sugabear the Cudgeler (level 5, -1/31 HPs)
             Began as a Gargoyle Gladiator on Dec 7, 2015.
             Slain by an adder (3 damage)
             ... on level 2 of the Dungeon.
             The game lasted 00:04:02 (3448 turns).

sugabear the Cudgeler (Gargoyle Gladiator)          Turns: 3448, Time: 00:04:02

Health: -1/31      AC:  8    Str: 19    XL:     5   Next: 3%
Magic:  5/5        EV: 12    Int:  8    God:
Gold:   172        SH:  0    Dex: 11    Spells: 0 memorised, 4 levels left

rFire  . . .     SeeInvis .     a - +0 flail
rCold  . . .     Clarity  .     b - +0 leather armour
rNeg   + . .     SustAt   .     (no shield)
rPois  ∞         Gourm    .     c - +0 helmet
rElec  +         Spirit   .     (no cloak)
rCorr  .         Warding  .     (no gloves)
rMut   .         Stasis   .     (no boots)
MR     .....                    (no amulet)
Stlth  +.........               (no ring)
                                (no ring)

@: not resistant to hostile enchantments, very unstealthy
A: negative energy resistance 1, electricity resistance, unbreathing,
petrification resistance, rot immunity, AC +4
a: no special abilities


You were on level 2 of the Dungeon.
You were not hungry.

You visited 1 branch of the dungeon, and saw 3 of its levels.

You collected 172 gold pieces.

Inventory:

Hand Weapons
 a - a +0 flail (weapon)
Missiles
 d - 3 throwing nets (quivered)
Armour
 b - a +0 leather armour (worn)
 c - a +0 helmet (worn)
 q - a +2 leather armour of fire resistance
Jewellery
 j - an uncursed amulet of rage {unknown}
 n - a cursed amulet of inaccuracy {unknown}
 o - an uncursed ring of wizardry {unknown}
Scrolls
 g - 2 scrolls of magic mapping {unknown}
 i - a scroll of immolation {unknown}
 k - 2 scrolls of identify {unknown}
 l - 2 scrolls of fog {unknown}
 r - a scroll of random uselessness {unknown}
Potions
 f - 2 potions of flight {unknown}
 h - 2 potions of lignification {unknown}
 m - a potion of brilliance {unknown}
 p - a potion of curing {unknown}
 s - a potion of heal wounds {unknown}
Comestibles
 e - a bread ration


   Skills:
 + Level 2.7 Fighting
 + Level 3.7 Maces & Flails
 + Level 2.0 Throwing
 + Level 1.4 Armour
 + Level 3.5 Dodging


You had 4 spell levels left.
You didn't know any spells.

Dungeon Overview and Level Annotations

Branches:
Dungeon (3/15)

Altars:

Annotations:
D:3 sugabear's ghost, amateur DrTm


Innate Abilities, Weirdness & Mutations

You are resistant to torment.
Your stone body is resilient (AC +4).
You are immune to poison.
You resist negative energy.
You are resistant to electric shocks.
You can survive without breathing.
You are immune to petrification.
You are immune to rotting.


Message History

The adder closely misses you.
You miss the adder.
The adder is almost dead.
The adder closely misses you. The adder bites you.
* * * LOW HITPOINT WARNING * * *
You barely miss the adder.
The adder is almost dead.
The adder closely misses you.
You closely miss the adder.
The adder is almost dead.
The adder closely misses you. The adder bites you.
* * * LOW HITPOINT WARNING * * *
You miss the adder.
The adder is almost dead.
The adder barely misses you.
Unknown command.
You miss the adder.
The adder is almost dead.
The adder closely misses you. The adder bites you.
You die...

#.# #.# ######.##.. #.# #.#
#####.##.. #.# #.# #...#.####
#.# #<# #...#.# #
##.####################...#.# #
#..........(.........##...#.####
############..........'...'.....
#)#######'##...#.)...
#######>..@S.........+.....
#.....)..####....#...#.....
#........# #....#...#.....
#........# #(...#####.....
#........# #....# ##..##
#........####....# ####''##
#........'....#'####.....).
#........####.#.###........
#........#......##.........


You could see an adder.

Vanquished Creatures
  4 adders (D:2)
  2 oozes (D:2)
  A worm (D:2)
  4 giant geckos
  An orc (D:2)
  A ball python (D:3)
  4 bats
  10 goblins
  5 hobgoblins
  10 kobolds
  3 quokkas (D:2)
  4 giant cockroaches
  9 giant newts
  3 jackals (D:1)
  7 rats
68 creatures vanquished.

Notes
Turn   | Place    | Note
--------------------------------------------------------------
     0 | D:1      | sugabear the Gargoyle Gladiator began the quest for the Orb.
     0 | D:1      | Reached XP level 1. HP: 12/12 MP: 1/1
    71 | D:1      | Reached XP level 2. HP: 18/18 MP: 2/2
   348 | D:1      | Reached XP level 3. HP: 19/22 MP: 3/3
   803 | D:3      | Noticed sugabear's ghost (amateur DrTm)
  1166 | D:2      | Found a faded altar to an unknown god.
  1347 | D:2      | Reached XP level 4. HP: 27/27 MP: 4/4
  1390 | D:2      | Reached skill level 1 in Armour
  3030 | D:2      | Reached XP level 5. HP: 28/31 MP: 5/5
  3448 | D:2      | Slain by an adder

Action                   |  1- 3 |  4- 6 || total
-------------------------+-------+-------++-------
Melee: Flail             |   141 |   178 ||   319
  Eat: Chunk             |     1 |     4 ||     5
       Bread ration      |       |     1 ||     1
